 Dungeon Crawl Stone Soup version 0.30.1-11-g7821555f0a (webtiles) character file.

Game seed: 5162701748879568691

106407 Ijustatesigmund the Thaumaturge (level 16, -11/120 (125) HPs)
             Began as a Gnoll Conjurer on Nov 7, 2023.
             Was a High Priest of Vehumet.
             Killed from afar by a vampire mage (23 damage)
             ... with a bolt of negative energy
             ... on level 1 of the Depths on Nov 8, 2023.
             The game lasted 01:40:53 (39767 turns).

Ijustatesigmund the Thaumaturge (Gnoll Conjurer)   Turns: 39767, Time: 01:40:54

HP:   -11/120 (125) AC: 22    Str:  9    XL:     16   Next: 44%
MP:   16/32         EV: 16    Int: 24    God:    Vehumet [*****.]
Gold: 1397          SH: 12    Dex: 13    Spells: 11/39 levels left

rFire   . . .        c - +5 eveningstar (vamp)
rCold   + . .        L - +1 kite shield {reflect}
rNeg    . . .        a - +0 steam dragon scales
rPois   .            j - +1 helmet
rElec   +            E - +2 cloak
rCorr   .            U - +1 pair of gloves {Str+3}
SInv    .            F - +1 pair of boots
Will    +....        y - amulet of regeneration
Stlth   +++++        i - ring of wizardry
HPRegen 1.20/turn    A - +4 ring of protection
MPRegen 0.23/turn

%: reflection, clarity, wizardry (x1)
@: lightly drained
A: fangs 1, strong nose, distributed training, clarity, cold resistance 1,
electricity resistance, sturdy frame 1
a: Renounce Religion


You were on level 1 of the Depths.
You worshipped Vehumet.
Vehumet was extremely pleased with you.
You visited 6 branches of the dungeon, and saw 25 of its levels.
You also visited: Sewer.

You collected 2124 gold pieces.
You spent 727 gold pieces at shops.

Inventory:

Hand Weapons
 c - a +5 vampiric eveningstar (weapon)
 l - the +6 short sword of Compulsion {freeze, rN++ Int+6 Dex+2}
   (You found it on level 10 of the Dungeon)

   Int:       It affects your intelligence (+6).
   Dex:       It affects your dexterity (+2).
   rN:        It greatly protects you from negative energy.
 G - a +3 hand crossbow of draining
 Q - the +8 whip "Snakebite" {venom, curare, rPois}
   (You found it on level 4 of the Lair of Beasts)

   rPois:     It protects you from poison.
Missiles
 k - a throwing net
Armour
 a - +0 steam dragon scales (worn)
 d - the +3 chain mail of Death's Door {rElec rPois Dex+4}
   (You found it in a sewer)

   Dex:       It affects your dexterity (+4).
   rElec:     It insulates you from electricity.
   rPois:     It protects you from poison.
 j - a +1 helmet (worn)
 z - a +2 buckler
 E - a +2 cloak (worn)
 F - a +1 pair of boots (worn)
 L - a +1 kite shield of reflection (worn)
 U - a +1 pair of gloves of strength (worn)
Jewellery
 i - a ring of wizardry (left hand)
 n - an amulet of reflection
 p - a ring of flight
 x - a ring of positive energy
 y - an amulet of regeneration (around neck)
 A - a +4 ring of protection (right hand)
 D - a +5 ring of evasion
 H - an amulet of the acrobat
Wands
 r - a wand of digging (4)
 K - a wand of flame (31)
 N - a wand of mindburst (13)
 R - a wand of iceblast (5)
 S - a wand of charming (7)
 X - a wand of quicksilver (4)
Scrolls
 h - 2 scrolls of magic mapping
 o - 6 scrolls of teleportation
 q - 7 scrolls of identify
 w - a scroll of poison
 I - 2 scrolls of immolation
 J - a scroll of silence
 P - a scroll of fear
 T - a scroll of amnesia
 Z - a scroll of fog
Potions
 b - a potion of magic
 e - 5 potions of cancellation
 f - 3 potions of attraction
 g - 3 potions of flight
 m - a potion of might
 t - 2 potions of curing
 u - 5 potions of haste
 v - 2 potions of lignification
 B - 3 potions of mutation
 C - 5 potions of brilliance
 M - 2 potions of invisibility
 O - 12 potions of ambrosia
Miscellaneous
 s - a piece from Xom's chessboard (15/15)
 W - a condenser vane


   Skills:
 + Level 11.3 Fighting
 + Level 11.3 Short Blades
 + Level 11.3 Long Blades
 + Level 11.3 Axes
 + Level 11.3 Maces & Flails
 + Level 11.3 Polearms
 + Level 11.3 Staves
 + Level 11.3 Ranged Weapons
 + Level 11.3 Throwing
 + Level 11.3 Armour
 + Level 12.1 Dodging
 + Level 12.0 Stealth
 + Level 11.3 Shields
 + Level 11.3 Unarmed Combat
 + Level 12.3 Spellcasting
 + Level 11.8 Conjurations
 + Level 9.5 Hexes
 + Level 9.5 Summonings
 + Level 9.5 Necromancy
 + Level 9.5 Translocations
 + Level 9.5 Transmutations
 + Level 9.5 Fire Magic
 + Level 9.5 Ice Magic
 + Level 9.5 Air Magic
 + Level 9.5 Earth Magic
 + Level 9.5 Poison Magic
 + Level 12.2 Invocations
 + Level 11.3 Evocations


You had 11 spell levels left.
You knew the following spells:

 Your Spells              Type           Power      Damage    Failure   Level
a - Magic Dart            Conj           100%       1d8       1%          1
b - Iskenderun's Mystic   Conj/Tloc      60%        2d13      1%          4
c - Freezing Cloud        Conj/Ice/Air   29%        6-21      1%          5
d - Borgnjor's Vile Clut  Necr/Erth      28%        N/A       2%          5
e - Plasma Beam           Fire/Air       28%        2x1d45    4%          6
f - Spellforged Servitor  Conj/Summ      30%        N/A       13%         7

Your spell library contained the following spells:

 Spells                   Type           Power      Damage    Failure   Level
 Slow                     Hex            100%       N/A       1%          1
 Call Imp                 Summ           100%       N/A       1%          2
 Cigotuvi's Dreadful Rot  Necr/Pois/Air  100%       N/A       1%          2
 Poisonous Vapours        Pois/Air       100%       N/A       1%          2
 Searing Ray              Conj           100%       2d8       1%          2
 Sublimation of Blood     Necr           57%        N/A       1%          2
 Wereblood                Tmut           57%        N/A       1%          2
 Confusing Touch          Hex            57%        N/A       1%          3
 Dazzling Flash           Conj/Hex       100%       N/A       1%          3
 Gell's Gravitas          Tloc           57%        N/A       1%          3
 Hailstorm                Conj/Ice       60%        3d13      1%          3
 Ignite Poison            Fire/Tmut/Pois 57%        N/A       1%          3
 Mephitic Cloud           Conj/Pois/Air  59%        N/A       1%          3
 Teleport Other           Tloc           57%        N/A       1%          3
 Tukima's Dance           Hex            57%        N/A       1%          3
 Vampiric Draining        Necr           57%        2d10      1%          3
 Airstrike                Air            28%        2d(5-21)  1%          4
 Fulminant Prism          Conj/Hex       30%        3d15      1%          4
 Ice Form                 Ice/Tmut       57%        N/A       1%          4
 Passage of Golubria      Tloc           57%        N/A       1%          4
 Yara's Violent Unravell  Hex/Tmut       28%        3d12      1%          5
 Alistair's Intoxication  Tmut/Pois      38%        N/A       2%          5
 Conjure Ball Lightning   Conj/Air       30%        3x3d10    2%          6
 Eringya's Noxious Bog    Tmut/Pois      28%        N/A       4%          6
 Dispersal                Tloc           28%        N/A       16%         6
 Simulacrum               Ice/Necr       28%        N/A       16%         6
 Enfeeble                 Hex            28%        N/A       58%         7
 Malign Gateway           Summ/Tloc      28%        N/A       58%         7
 Summon Hydra             Summ           28%        N/A       58%         7
 Summon Horrible Things   Summ           28%        N/A       99%         8


Dungeon Overview and Level Annotations

Branches:
Dungeon (15/15)            Temple (1/1) D:6            Lair (5/5) D:8
 Shoals (0/4) Lair:2        Snake (1/4) Lair:2        Slime (0/5) Lair:5
    Orc (2/2) D:11            Elf (0/3) Orc:2        Vaults (0/5) D:13
 Depths (1/4) D:15          Sewer (visited)

Altars:
Ashenzari
Cheibriados
Dithmenos
Elyvilon
Fedhas
Gozag
Hepliaklqana
Kikubaaqudgha
Makhleb
Nemelex Xobeh
Okawaru
Qazlal
Ru
Sif Muna
Trog
Uskayaw
Vehumet
Wu Jian
Xom
Yredelemnul
Zin
The Shining One

Shops:
D:5 (   D:12 (   Orc:2 [?[[

Annotations:
D:6 4 runed translucent doors
D:9 1 runed translucent door, kalagan's ghost, journeyman DECj
Lair:5 1 runed translucent door


Innate Abilities, Weirdness & Mutations

You have very sharp teeth.
Your uncanny sense of smell can sniff out nearby items.
Your experience applies equally to all skills.
You possess an exceptional clarity of mind.
Your flesh is cold resistant. (rC+)
You are resistant to electric shocks. (rElec)
Your movements are slightly less encumbered by armour. (ER -2)


Message History

The fiery plasma misses the spriggan rider.
The fiery plasma hits the stone giant.
The stone giant is lightly wounded.
The fiery plasma misses the deep troll earth mage.
The deep troll earth mage is engulfed in freezing vapours.
An iron troll comes into view.
The spriggan air mage casts a spell at you.
The bolt of lightning hits you! You resist.
You hear a horrible gurgling sound! x4
Casting: Plasma Beam (dangerous; 4% risk of failure)
Confirm with . or Enter, or press ? or * to list all spells.
Aiming: Freezing Cloud (mildly dangerous; 1% risk of failure)
Press: ? - help, Dir - move target, f - spriggan air mage
Aim: a spriggan air mage, wearing a +0 robe (severely wounded, repelling missiles) That beam is likely to hit you.
Continue anyway?
You are engulfed in freezing vapours.
You resist.
* * * LOW HITPOINT WARNING * * *
Something hits you!
* * * LOW HITPOINT WARNING * * *
Something bites you but does no damage.
The deep troll earth mage is engulfed in freezing vapours.
The stone giant is engulfed in freezing vapours.
The spriggan rider is engulfed in freezing vapours.
You kill the spriggan rider!
Vehumet accepts your kill.
You feel your power returning.
You kill the hornet!
Vehumet accepts your kill.
You feel your power returning.
The spriggan air mage is engulfed in freezing vapours.
The spriggan air mage waves its arms in wide circles.
The air twists around and strikes you!
* * * LOW HITPOINT WARNING * * *
Something hits you.
* * * LOW HITPOINT WARNING * * *
You block something's attack.
You hear some strange, mumbled words.
A bolt of negative energy appears from out of thin air!
The bolt of negative energy hits you!!
You feel drained.
You die...

#.###..........
#.###.........
#..##........
##...........
#...#...#.....
####...#..###....
#.##..>...###..##
##..............###. #
##....@##..........
#.###..##.§##.........
#..).####{§§§# .....
#.#....###.§i## ....#
###......§°§##....#
#####...#TCT..#...
#.......#§.ZT.....
##^##..##..§T..V.. #
#......#.#.....


You could see 2 iron trolls, a stone giant, a spriggan air mage (repels
missiles), 2 deep troll earth magi and a fire giant zombie (summoned).

Vanquished Creatures
  Rupert (D:12)
  A lich (Depths:1)
  A fire giant (Depths:1)
  8 very ugly things
  Snorg (Lair:5)
  2 jiangshi (Depths:1)
  Josephine (D:12)
  2 fire dragons
  Fannar (Lair:2)
  2 vault guards (D:13)
  An ogre mage (D:15)
  3 centaur warriors
  A spriggan air mage (Depths:1)
  A hydra (D:15)
  Erolcha (D:12)
  A catoblepas (D:15)
  7 two-headed ogres
  A spriggan berserker (Depths:1)
  3 boulder beetles
  2 tengu warriors
  A vampire mage (Depths:1)
  3 death yaks (Lair:5)
  Sonja (Lair:2)
  Urug (D:13)
  3 skeletal warriors
  2 skysharks
  5 wizards
  A glowing orange brain (Depths:1)
  An orc knight (D:14)
  A deep elf pyromancer (D:15)
  5 cyclopes
  2 deep elf zephyrmancers (D:15)
  2 necromancers
  8 orc sorcerers (Orc:2)
  15 ugly things
  2 centaur zombies (D:15)
  4 manticores
  7 elephants (Lair:5)
  2 naga magi (D:15)
  9 black mambas
  10 cane toads
  2 gargoyles
  Maggie (D:6)
  A rime drake (Lair:3)
  An unseen horror (D:10)
  8 komodo dragons
  2 centaur skeletons (D:15)
  5 kobold demonologists (D:12)
  An efreet (D:15)
  A freezing wraith (D:15)
  A tengu conjurer (Depths:1)
  3 meliai (Lair:4)
  A merfolk (Lair:2)
  6 polar bears (Lair:5)
  2 trolls (Orc:2)
  A queen bee (shapeshifter) (D:15)
  A queen bee (Lair:4)
  7 hornets
  8 blink frogs
  Grinder (D:3)
  Prince Ribbit (D:9)
  4 slime creatures (D:12)
  Sigmund (D:4)
  A shadow (D:12)
  7 wraiths
  17 spriggans
  4 water elementals (D:11)
  17 humans (D:13)
  49 yaks
  8 wyverns
  A vampire (D:13)
  A basilisk (D:8)
  A yak (shapeshifter) (D:15)
  9 wargs
  4 nagas
  23 water moccasins
  7 orc warriors
  3 sky beasts
  3 black bears
  An ice beast (D:7)
  4 centaurs
  32 wolves
  4 boggarts (Lair:5)
  9 ogres
  9 kobold brigands
  A phantom (D:6)
  Blork the orc (D:4)
  10 bullfrogs
  4 scorpions (D:6)
  A hornet simulacrum (D:15)
  13 wights
  39 killer bees
  11 howler monkeys
  3 electric eels
  4 hounds
  2 jellies
  Crazy Yiuf (D:6)
  2 gnoll boudas
  9 orc priests
  A sleepcap (D:5)
  Jessica (D:3)
  33 orc wizards
  An iguana (D:8)
  7 gnolls
  11 adders
  4 river rats (Sewer)
  A shadow imp (D:7)
  2 white imps
  A worm (D:2)
  3 dart slugs (D:2)
  73 orcs
  5 bats
  9 endoplasms
  6 goblins
  5 hobgoblins
  6 jackals
  4 quokkas
  3 training dummies (D:5)
  9 ball pythons
  3 frilled lizards
  37 kobolds
  21 rats
746 creatures vanquished.

Vanquished Creatures (collateral kills)
  An ice dragon (Depths:1)
  A warg (D:11)
2 creatures vanquished.

Vanquished Creatures (others)
  An orc wizard (Orc:2)
  A kobold (D:7)
2 creatures vanquished.

Grand Total: 750 creatures vanquished

Notes
Turn   | Place    | Note
-------+----------+-------------------------------------------
     0 | D:1      | Ijustatesigmund the Gnoll Conjurer began the quest for the
                  | Orb.
     0 | D:1      | Reached XP level 1. HP: 13/13 MP: 6/6
   131 | D:1      | Found a faded altar of an unknown god.
   281 | D:1      | Reached XP level 2. HP: 19/19 MP: 5/7
  1094 | D:2      | Reached skill level 5 in Spellcasting
  1094 | D:2      | Reached XP level 3. HP: 25/25 MP: 4/9
  1205 | D:2      | Reached skill level 1 in Invocations
  1340 | D:2      | Reached skill level 1 in Fighting
  1340 | D:2      | Reached skill level 1 in Short Blades
  1340 | D:2      | Reached skill level 1 in Long Blades
  1340 | D:2      | Reached skill level 1 in Axes
  1340 | D:2      | Reached skill level 1 in Maces & Flails
  1340 | D:2      | Reached skill level 1 in Polearms
  1340 | D:2      | Reached skill level 1 in Staves
  1340 | D:2      | Reached skill level 1 in Ranged Weapons
  1340 | D:2      | Reached skill level 1 in Throwing
  1340 | D:2      | Reached skill level 1 in Armour
  1340 | D:2      | Reached skill level 1 in Shields
  1340 | D:2      | Reached skill level 1 in Unarmed Combat
  1340 | D:2      | Reached skill level 1 in Evocations
  1449 | D:2      | Reached XP level 4. HP: 32/32 MP: 3/11
  1898 | D:2      | Learned a level 4 spell: Iskenderun's Mystic Blast
  2224 | D:3      | Reached skill level 1 in Hexes
  2224 | D:3      | Reached skill level 1 in Summonings
  2224 | D:3      | Reached skill level 1 in Necromancy
  2224 | D:3      | Reached skill level 1 in Translocations
  2224 | D:3      | Reached skill level 1 in Transmutations
  2224 | D:3      | Reached skill level 1 in Fire Magic
  2224 | D:3      | Reached skill level 1 in Ice Magic
  2224 | D:3      | Reached skill level 1 in Air Magic
  2224 | D:3      | Reached skill level 1 in Earth Magic
  2224 | D:3      | Reached skill level 1 in Poison Magic
  2229 | D:3      | Noticed Grinder
  2408 | D:3      | Killed Grinder
  2409 | D:3      | Reached skill level 5 in Dodging
  2409 | D:3      | Reached XP level 5. HP: 38/38 MP: 0/12
  2409 | D:3      | Reached XP level 6. HP: 44/44 MP: 0/14
  2629 | D:3      | Noticed Jessica
  2632 | D:3      | Killed Jessica
  3420 | D:3      | Gained mutation: Your movements are slightly less
                  | encumbered by armour. (ER -2) [potion of mutation]
  3420 | D:3      | Gained mutation: You are resistant to electric shocks.
                  | (rElec) [potion of mutation]
  3420 | D:3      | Gained mutation: You possess an exceptional clarity of
                  | mind. [potion of mutation]
  3420 | D:3      | Gained mutation: Your flesh is cold resistant. (rC+)
                  | [potion of mutation]
  3829 | D:4      | Noticed Sigmund
  3846 | D:4      | Killed Sigmund
  3847 | D:4      | Reached XP level 7. HP: 16/51 MP: 3/15
  4206 | D:4      | Reached skill level 5 in Stealth
  4274 | D:4      | Noticed Blork the orc
  4287 | D:4      | Killed Blork the orc
  4855 | D:5      | Entered Level 5 of the Dungeon
  5166 | D:5      | Found Lygozoypt's Firing Range.
  5180 | D:5      | Reached XP level 8. HP: 58/58 MP: 9/16
  5905 | D:6      | Found a glowing drain.
  5922 | Sewer    | Entered a sewer
  6929 | Sewer    | Identified the +3 chain mail of Death's Door {rElec rPois
                  | Dex+4}
  7737 | D:6      | Reached XP level 9. HP: 47/65 MP: 8/18
  7811 | D:6      | Learned a level 5 spell: Freezing Cloud
  7972 | D:6      | Found a large runed translucent door.
  7972 | D:6      | Found a large runed translucent door.
  7980 | D:6      | Noticed a manticore
  7993 | D:6      | Killed a manticore
  8140 | D:6      | Noticed a two-headed ogre
  8283 | D:6      | Found a staircase to the Ecumenical Temple.
  8353 | Temple   | Entered the Ecumenical Temple
  9025 | D:6      | Noticed Maggie
  9039 | D:6      | Killed Maggie
  9040 | D:6      | Reached skill level 5 in Invocations
  9263 | D:6      | Found a runed translucent door.
  9264 | D:6      | Noticed Crazy Yiuf
  9269 | D:6      | Killed Crazy Yiuf
  9447 | D:6      | Found a large runed translucent door.
  9447 | D:6      | Found a large runed translucent door.
  9594 | D:5      | Bought a +2 hand crossbow of draining for 219 gold pieces
 10489 | D:7      | Reached skill level 5 in Fighting
 10489 | D:7      | Reached skill level 5 in Short Blades
 10489 | D:7      | Reached skill level 5 in Long Blades
 10489 | D:7      | Reached skill level 5 in Axes
 10489 | D:7      | Reached skill level 5 in Maces & Flails
 10489 | D:7      | Reached skill level 5 in Polearms
 10489 | D:7      | Reached skill level 5 in Staves
 10489 | D:7      | Reached skill level 5 in Ranged Weapons
 10489 | D:7      | Reached skill level 5 in Throwing
 10489 | D:7      | Reached skill level 5 in Armour
 10489 | D:7      | Reached skill level 5 in Shields
 10489 | D:7      | Reached skill level 5 in Unarmed Combat
 10489 | D:7      | Reached skill level 5 in Evocations
 10489 | D:7      | Reached XP level 10. HP: 74/74 MP: 12/20
 11639 | D:8      | Found a staircase to the Lair.
 11768 | D:8      | Reached skill level 5 in Hexes
 11768 | D:8      | Reached skill level 5 in Summonings
 11768 | D:8      | Reached skill level 5 in Necromancy
 11768 | D:8      | Reached skill level 5 in Translocations
 11768 | D:8      | Reached skill level 5 in Transmutations
 11768 | D:8      | Reached skill level 5 in Fire Magic
 11768 | D:8      | Reached skill level 5 in Ice Magic
 11768 | D:8      | Reached skill level 5 in Air Magic
 11768 | D:8      | Reached skill level 5 in Earth Magic
 11768 | D:8      | Reached skill level 5 in Poison Magic
 11768 | D:8      | Reached XP level 11. HP: 49/81 MP: 10/22
 12543 | Temple   | Became a worshipper of Vehumet
 12665 | D:9      | Found a runed translucent door.
 12666 | D:9      | Noticed kalagan's ghost (journeyman DECj)
 13022 | D:9      | Found a sacrificial altar of Ru.
 13022 | D:9      | Found a hide-covered altar of Uskayaw.
 13294 | D:9      | Reached * piety under Vehumet
 13294 | D:9      | Offered knowledge of Sandblast by Vehumet.
 13403 | D:9      | Noticed Prince Ribbit
 13410 | D:9      | Killed Prince Ribbit
 13767 | D:10     | Entered Level 10 of the Dungeon
 13876 | D:10     | Identified the staff of death "Yweyheb" {rN+ Str+3}
 14197 | D:10     | Identified the +6 short sword of Compulsion {freeze, rN++
                  | Int+6 Dex+2}
 14387 | D:11     | Noticed a boulder beetle
 14404 | D:11     | Noticed a two-headed ogre
 14415 | D:11     | Killed a two-headed ogre
 14626 | D:11     | Found a staircase to the Orcish Mines.
 15155 | D:11     | Noticed a cyclops
 15161 | D:11     | Killed a cyclops
 15219 | D:11     | Noticed a boulder beetle
 15583 | D:11     | Killed a boulder beetle
 15748 | D:11     | Killed a boulder beetle
 16805 | D:12     | Noticed Erolcha
 16810 | D:12     | Killed Erolcha
 16811 | D:12     | Reached XP level 12. HP: 91/91 MP: 24/24
 16814 | D:12     | Found Loomuz's Weapon Shop.
 17586 | D:12     | Identified the staff of cold "Cesse" {rC+ rN+}
 17920 | D:12     | Noticed a boulder beetle
 17925 | D:12     | Noticed Josephine
 17954 | D:12     | Killed Josephine
 18244 | D:12     | Noticed a two-headed ogre
 18250 | D:12     | Killed a two-headed ogre
 18372 | D:12     | Offered knowledge of Momentum Strike by Vehumet.
 18576 | D:12     | Reached ** piety under Vehumet
 19194 | D:12     | Noticed Rupert
 19195 | D:12     | Paralysed by Rupert for 4 turns
 19204 | D:12     | Killed Rupert
 20142 | D:13     | Noticed Urug
 20166 | D:13     | Killed Urug
 20463 | D:13     | Found a broken altar of Ashenzari.
 21058 | D:13     | Reached XP level 13. HP: 98/98 MP: 26/26
 21108 | D:13     | Reached skill level 10 in Conjurations
 21138 | D:13     | Noticed a vault guard
 21143 | D:13     | Noticed a vault guard
 21767 | D:13     | Killed a vault guard
 22019 | D:13     | Killed a vault guard
 22313 | D:13     | Reached skill level 10 in Spellcasting
 22683 | D:13     | Found a gate to the Vaults.
 22858 | Lair:1   | Entered Level 1 of the Lair of Beasts
 22918 | Lair:1   | Offered knowledge of Inner Flame by Vehumet.
 23093 | Lair:1   | Reached skill level 10 in Dodging
 23122 | Lair:1   | Learned a level 5 spell: Borgnjor's Vile Clutch
 23342 | Lair:1   | Identified the +0 pair of boots of Sharp the Good {rPois
                  | Int+3}
 23667 | Lair:2   | Noticed Fannar
 23686 | Lair:2   | Killed Fannar
 23700 | Lair:2   | Reached *** piety under Vehumet
 24369 | Lair:2   | Found a staircase to the Shoals.
 24504 | Lair:2   | Noticed Sonja
 24519 | Lair:2   | Killed Sonja
 24520 | Lair:2   | Reached skill level 10 in Stealth
 24652 | Lair:2   | Identified the +2 scimitar "Fon Rono" {flame, Contam rN+
                  | Dex+3}
 24666 | Lair:2   | Offered knowledge of Volatile Blastmotes by Vehumet.
 24740 | Lair:2   | Found a staircase to the Snake Pit.
 24925 | Snake:1  | Entered Level 1 of the Snake Pit
 25463 | Lair:2   | Reached XP level 14. HP: 108/108 MP: 21/28
 25479 | Lair:2   | Reached skill level 10 in Invocations
 26401 | Lair:3   | Reached **** piety under Vehumet
 27254 | Lair:4   | Offered knowledge of Flame Wave by Vehumet.
 27815 | Lair:4   | Found the +8 whip "Snakebite" {venom, curare, rPois}
 28257 | Lair:4   | Identified the +1 hand axe of Abuse {heavy, Will+ SInv}
 28853 | Lair:5   | Entered Level 5 of the Lair of Beasts
 29012 | Lair:5   | Noticed Snorg
 29021 | Lair:5   | Killed Snorg
 29225 | Lair:5   | Reached ***** piety under Vehumet
 29230 | Lair:5   | Offered knowledge of Plasma Beam by Vehumet.
 29378 | Lair:5   | Found a runed translucent door.
 29381 | Lair:5   | Found a staircase to the Slime Pits.
 29658 | Lair:5   | Learned a level 6 spell: Plasma Beam
 29715 | Lair:5   | Reached skill level 10 in Fighting
 29715 | Lair:5   | Reached skill level 10 in Short Blades
 29715 | Lair:5   | Reached skill level 10 in Long Blades
 29715 | Lair:5   | Reached skill level 10 in Axes
 29715 | Lair:5   | Reached skill level 10 in Maces & Flails
 29715 | Lair:5   | Reached skill level 10 in Polearms
 29715 | Lair:5   | Reached skill level 10 in Staves
 29715 | Lair:5   | Reached skill level 10 in Ranged Weapons
 29715 | Lair:5   | Reached skill level 10 in Throwing
 29715 | Lair:5   | Reached skill level 10 in Armour
 29715 | Lair:5   | Reached skill level 10 in Shields
 29715 | Lair:5   | Reached skill level 10 in Unarmed Combat
 29715 | Lair:5   | Reached skill level 10 in Evocations
 30516 | Lair:5   | Reached XP level 15. HP: 115/115 MP: 25/30
 31054 | Lair:5   | Identified the +0 robe of Patterns {rC+ Int+3}
 31057 | Lair:5   | Got Seguluo's Collected Works on Aerial Fascination
 31533 | Orc:1    | Entered Level 1 of the Orcish Mines
 31751 | Orc:1    | Found a burning altar of Makhleb.
 31762 | Orc:1    | You fall into a shaft and drop 1 floor!
 31762 | Orc:2    | Entered Level 2 of the Orcish Mines
 31762 | Orc:2    | Found Ruetwadi's Antique Armour Boutique.
 31801 | Orc:2    | Bought an embroidered cloak for 202 gold pieces
 32600 | Orc:2    | Found a staircase to the Elven Halls.
 33677 | Orc:2    | Offered knowledge of Spellforged Servitor by Vehumet.
 33697 | Orc:2    | Found Urojosy's Magic Scroll Emporium.
 33697 | Orc:2    | Found Fiulid's Armour Boutique.
 33811 | Orc:2    | Bought a scroll of teleportation for 48 gold pieces
 33811 | Orc:2    | Bought a scroll of teleportation for 48 gold pieces
 33896 | Orc:2    | Found Caodghaza's Antique Armour Emporium.
 33902 | Orc:2    | Bought a pair of embroidered gloves for 210 gold pieces
 34301 | D:14     | Learned a level 7 spell: Spellforged Servitor
 35672 | D:14     | You fall into a shaft and drop 1 floor!
 35672 | D:15     | Entered Level 15 of the Dungeon
 38104 | D:15     | Reached XP level 16. HP: 104/124 MP: 30/32
 38138 | D:15     | Found a staircase to the Depths.
 38187 | Depths:1 | Entered Level 1 of the Depths
 38296 | Depths:1 | Noticed a lich
 38300 | Depths:1 | Killed a lich
 38953 | D:15     | HP: 3/125 [green very ugly thing (9)]
 39767 | Depths:1 | Killed from afar by a vampire mage

Illustrated notes

Levels and vault maps discovered:
D:1:      minmay_arrival_doors, layout_basic,
          hellmonk_ecumenical_altar_inner_sanctum
D:2:      layout_basic, minmay_pentomino_r2
D:3:      layout_basic, minivault_14, uniq_jessica, uniq_grinder
D:4:      layout_loops_ring, minmay_misc_feat_enclosed,
          ebering_dispersal_statue_hall, nicolae_nh_ransacked_shop,
          uniq_sigmund, uniq_blork_the_orc
D:5:      layout_gridville, nicolae_shop_firing_range
D:6:      layout_loops_ring, minmay_temple_entry_arrows, portal_sewer_entry_a,
          minmay_hollow_rounded_squares, uniq_crazy_yiuf_cottage, uniq_maggie
D:7:      layout_loops_ring, serial_rivers, chequers_serial_rivers_micro_e,
          chequers_serial_rivers_micro_c, chequers_serial_rivers_small_b,
          chequers_serial_rivers_micro_b, chequers_avenue
D:8:      layout_rooms, minmay_lair_entry_grove, grunt_ministairs_7
D:9:      layout_stronghold, grunt_temple_overflow_open,
          ebering_ghost_reflecting_pool, uniq_prince_ribbit1
D:10:     layout_rooms
D:11:     layout_layer_cave, erik_orc_4, nicolae_underground_beach
D:12:     layout_loops_corners, serial_shops, shop, uniq_erolcha, uniq_rupert,
          uniq_josephine
D:13:     layout_basic, grunt_vaults_entry_tiered, evilmike_ruin_ashenzari,
          uniq_urug
D:14:     layout_basic, minivault_14
D:15:     grunt_enter_depths_magical_seal, layout_layer_cave,
          wad_floor_pattern_untrapped, minmay_circle_x
Temple:   mainiacjoe_temple_big_plus
Lair:1:   layout_misc_corridors, serial_bayou_shore_a
Lair:2:   layout_regular_city, elwin_shoals_entry_rooms,
          nicolae_snake_entry_squirm, wad_woods_02, uniq_sonja, uniq_fannar
Lair:3:   layout_misc_corridors, serial_bayou_pond_b, lemuel_fruit_fields,
          serial_bayou_shore_b, grunt_megastairs_4
Lair:4:   minmay_guarded_unrand_snakebite, layout_misc_corridors, special_room
          [special_room_bee], serial_bayou_shore_b, grunt_megastairs_5
Lair:5:   minmay_lair_end_enchanted_forest, layout_cave_shapes, slime_entry_2,
          uniq_snorg
Snake:1:  layout_misc_corridors, grunt_megastairs_3, lemuel_fruit_tree
Orc:1:    layout_caves, basic_altar, nicolae_orc_lost_temple
Orc:2:    st_orc_town, layout_caves, mines5_lemuel
Depths:1: layout_cave_shapes, grunt_mini_vestibule, serial_shops, shop,
          hangedman_decor_diamond_cutter, nicolae_vehumet_altar_sigil

Skill      XL: |  1  2  3  4  5  6  7  8  9 10 11 12 13 14 15 16 |
---------------+-------------------------------------------------+-----
Spellcasting   | 5 6 7 8 9 10 11 12 | 12.3
Invocations    | 1 2 3 4 5 6 7 8 9 10 11 12 | 12.2
Fighting       | 1 2 3 5 6 7 8 9 10 11 | 11.3
Short Blades   | 1 2 3 5 6 7 8 9 10 11 | 11.3
Long Blades    | 1 2 3 5 6 7 8 9 10 11 | 11.3
Axes           | 1 2 3 5 6 7 8 9 10 11 | 11.3
Maces & Flails | 1 2 3 5 6 7 8 9 10 11 | 11.3
Polearms       | 1 2 3 5 6 7 8 9 10 11 | 11.3
Staves         | 1 2 3 5 6 7 8 9 10 11 | 11.3
Ranged Weapons | 1 2 3 5 6 7 8 9 10 11 | 11.3
Throwing       | 1 2 3 5 6 7 8 9 10 11 | 11.3
Armour         | 1 2 3 5 6 7 8 9 10 11 | 11.3
Shields        | 1 2 3 5 6 7 8 9 10 11 | 11.3
Unarmed Combat | 1 2 3 5 6 7 8 9 10 11 | 11.3
Evocations     | 1 2 3 5 6 7 8 9 10 11 | 11.3
Hexes          | 1 2 3 4 5 6 7 8 9 |  9.5
Summonings     | 1 2 3 4 5 6 7 8 9 |  9.5
Necromancy     | 1 2 3 4 5 6 7 8 9 |  9.5
Translocations | 1 2 3 4 5 6 7 8 9 |  9.5
Transmutations | 1 2 3 4 5 6 7 8 9 |  9.5
Fire Magic     | 1 2 3 4 5 6 7 8 9 |  9.5
Ice Magic      | 1 2 3 4 5 6 7 8 9 |  9.5
Air Magic      | 1 2 3 4 5 6 7 8 9 |  9.5
Earth Magic    | 1 2 3 4 5 6 7 8 9 |  9.5
Poison Magic   | 1 2 3 4 5 6 7 8 9 |  9.5
Dodging        | 5 6 7 8 9 10 11 12 | 12.1
Stealth        | 5 6 7 8 9 10 11 12 | 12.0
Conjurations   | 8 9 10 11 | 11.8

Action                     |  1- 3 |  4- 6 |  7- 9 | 10-12 | 13-15 | 16-18 || total
---------------------------+-------+-------+-------+-------+-------+-------++-------
  Melee: Hand axe          |    16 |    26 |    27 |     7 |       |       ||    76
         Bite              |     1 |     3 |    17 |    28 |   165 |    11 ||   225
         Short sword       |       |    10 |   112 |   170 |    52 |       ||   344
         Punch             |       |     2 |     6 |       |       |       ||     8
         Eveningstar       |       |       |       |       |  1260 |    58 ||  1318
   Fire: Hand crossbow     |       |       |    38 |   265 |       |       ||   303
   Cast: Magic Dart        |    52 |    73 |   120 |    44 |    52 |     1 ||   342
         Iskenderun's Myst |       |     7 |    47 |    87 |   141 |    16 ||   298
         Freezing Cloud    |       |       |     3 |    27 |    78 |    14 ||   122
         Plasma Beam       |       |       |       |       |    42 |    16 ||    58
         Borgnjor's Vile C |       |       |       |       |    23 |    10 ||    33
         Spellforged Servi |       |       |       |       |       |     1 ||     1
  Evoke: Wand              |       |       |     6 |    12 |     5 |       ||    23
         Piece from Xom's  |       |       |       |     1 |       |       ||     1
    Use: Potion            |     1 |     2 |     1 |     4 |     5 |     4 ||    17
         Scroll            |       |     4 |     5 |    13 |    15 |     1 ||    38
   Stab: Sleeping          |       |     1 |     1 |     2 |     9 |       ||    13
         Distracted        |       |       |     1 |       |     2 |       ||     3
         Petrified         |       |       |       |       |     3 |       ||     3
 Armour: Robe              |     3 |     6 |    31 |       |       |       ||    40
         Steam dragon scal |       |       |    26 |   119 |   588 |    39 ||   772
  Dodge: Dodged            |    11 |    20 |   139 |   215 |   960 |    33 ||  1378
  Block: Other             |       |     3 |    43 |    43 |       |       ||    89
         Reflection        |       |       |     3 |     5 |       |       ||     8
         Buckler           |       |       |       |    76 |   504 |    18 ||   598
         Kite shield       |       |       |       |       |       |     6 ||     6
